[Event "ICC tourney 2545 (5 3)"]
[Site "Internet Chess Club"]
[Date "2021.04.11"]
[Round "5"]
[White "GYMEJR"]
[Black "wiiiiiieee"]
[Result "1-0"]
[ICCResult "Black checkmated"]
[WhiteElo "1527"]
[BlackElo "1425"]
[Opening "Queen's pawn: London system"]
[ECO "A45"]
[NIC "QP.07"]
[Time "15:47:03"]
[TimeControl "300+3"]

1. d4 Nf6 2. Bf4 d6 3. c4 Nbd7 4. Nc3 c5 5. e3 g6 6. Be2 Bg7 7. Bg3 O-O 8.
f4 b6 9. Nf3 Bb7 10. d5 Ng4 11. Qd3 f5 12. Ng5 Rf6 13. Bxg4 fxg4 14. O-O Nf8
15. e4 e5 16. dxe6 Nxe6 17. Nd5 Bxd5 18. Qxd5 Qe8 19. f5 Kh8 20. Nxe6 gxf5
21. Nxg7 Kxg7 22. Rxf5 Rxf5 23. Qxf5 Qe7 24. Rf1 Re8 25. Bh4 Qxe4 26. Qf6+
Kg8 27. Qf7+ Kh8 28. Bf6# {Black checkmated} 1-0

[Event "ICC tourney 2545 (5 3)"]
[Site "Internet Chess Club"]
[Date "2021.04.11"]
[Round "5"]
[White "Skydancer52"]
[Black "CoachConor"]
[Result "1-0"]
[ICCResult "Black checkmated"]
[WhiteElo "1386"]
[BlackElo "1049"]
[Opening "Torre attack (Tartakower variation)"]
[ECO "D03"]
[NIC "QP.08"]
[Time "15:51:33"]
[TimeControl "300+3"]

1. d4 d5 2. Nf3 Nf6 3. Bg5 Nc6 4. Bxf6 exf6 5. c3 Bf5 6. Nbd2 Qe7 7. e3
O-O-O 8. Nh4 Be6 9. g3 g6 10. Bg2 Bg7 11. O-O Bh6 12. Qa4 Rd6 13. Nb3 Bg5
14. Nf3 Bh6 15. Nc5 Bg4 16. b4 Rg8 17. b5 Nd8 18. Qxa7 c6 19. b6 Bg5 20.
Qa8# {Black checkmated} 1-0

[Event "ICC tourney 2545 (5 3)"]
[Site "Internet Chess Club"]
[Date "2021.04.11"]
[Round "5"]
[White "keesparov2001"]
[Black "Artist2020"]
[Result "0-1"]
[ICCResult "White resigns"]
[WhiteElo "936"]
[BlackElo "1733"]
[Opening "Caro-Kann: Tartakower (fantasy) variation"]
[ECO "B12"]
[NIC "CK.02"]
[Time "15:46:49"]
[TimeControl "300+3"]

1. e4 c6 2. d4 d5 3. f3 e6 4. Nc3 Bb4 5. Ne2 Ne7 6. Bf4 O-O 7. a3 Ba5 8. b4
Bc7 9. Bxc7 Qxc7 10. e5 Nd7 11. Qd2 a5 12. Rb1 axb4 13. axb4 f6 14. f4 fxe5
15. fxe5 Nb6 16. Ng3 Ng6 17. Bd3 Nf4 18. Rf1 Nxd3+ 19. Kd1 Rxf1+ 20. Nxf1
Nxe5 21. dxe5 Qxe5 22. Ne2 Nc4 23. Qd4 Qxd4+ 24. Nxd4 e5 25. Nb3 Bf5 26.
Nfd2 Ne3+ 27. Kc1 Bxc2 28. Rb2 Bg6 29. Nc5 Ra1+ 30. Nb1 Rxb1+ 31. Rxb1 Bxb1
32. Kxb1 b6 33. Nd7 e4 34. g3 d4 35. Kc1 Nc4 36. Kd1 d3 37. Nb8 e3 38. Nxc6
Nb2+ 39. Kc1 d2+ 40. Kxb2 e2 {White resigns} 0-1

[Event "ICC tourney 2545 (5 3)"]
[Site "Internet Chess Club"]
[Date "2021.04.11"]
[Round "5"]
[White "Lewton"]
[Black "GrandTurk"]
[Result "1-0"]
[ICCResult "Black forfeits on time"]
[WhiteElo "2217"]
[BlackElo "1864"]
[Opening "Queen's Indian: old main line, 7.Nc3"]
[ECO "E18"]
[NIC "QI.11"]
[Time "15:46:18"]
[TimeControl "300+3"]

1. c4 e6 2. Nf3 Nf6 3. g3 b6 4. Bg2 Bb7 5. O-O Be7 6. Nc3 O-O 7. d4 Ne4 8.
Qc2 f5 9. Ne5 d5 10. cxd5 exd5 11. Bf4 c6 12. Rad1 Bd6 13. Nxe4 fxe4 14. f3
exf3 15. exf3 Qc7 16. Bh3 Kh8 17. Bf5 g6 18. Be6 Kg7 19. Qd2 Rxf4 20. Qxf4
Qe7 21. Bh3 Na6 22. Rfe1 Rf8 23. Qe3 c5 24. f4 cxd4 25. Qf3 Re8 26. Nd3 Qf7
27. Rxe8 Qxe8 28. Re1 Qd8 29. f5 Nc5 30. Nxc5 Bxc5 31. Qd3 Qg5 32. fxg6 hxg6
33. Bg2 Bc6 34. b4 {Black forfeits on time} 1-0

[Event "ICC tourney 2545 (5 3)"]
[Site "Internet Chess Club"]
[Date "2021.04.11"]
[Round "5"]
[White "Rsalvio"]
[Black "FootstepsOfDawn"]
[Result "1-0"]
[ICCResult "Black resigns"]
[WhiteElo "1422"]
[BlackElo "982"]
[Opening "Vienna gambit"]
[ECO "C29"]
[NIC "KG.05"]
[Time "15:46:44"]
[TimeControl "300+3"]

1. e4 e5 2. f4 Nf6 3. Nc3 Nc6 4. Nf3 exf4 5. Bc4 Bc5 6. d4 Bb6 7. Bxf4 d6 8.
Qd2 Qe7 9. O-O-O Be6 10. d5 Nd4 11. Nxd4 Bd7 12. Rhe1 O-O-O 13. Bg5 h6 14.
Bh4 g5 15. Bg3 Bg4 16. Nf3 Rhe8 17. e5 dxe5 18. Bxe5 Nd7 19. Bxc7 Qc5 20.
Bxd8 Rxd8 21. Ne4 Qc7 22. Qb4 Ba5 23. Qa4 Bxe1 24. Rxe1 Kb8 25. d6 Qb6 26.
Bb5 Nc5 27. Nxc5 Qxc5 28. Qxg4 Rxd6 29. Re8+ {Black resigns} 1-0

[Event "ICC tourney 2545 (5 3)"]
[Site "Internet Chess Club"]
[Date "2021.04.11"]
[Round "5"]
[White "Maher1278"]
[Black "Fraser"]
[Result "1-0"]
[ICCResult "Black resigns"]
[WhiteElo "1425"]
[BlackElo "1217"]
[Opening "Sicilian defense"]
[ECO "B20"]
[NIC "SI.48"]
[Time "15:46:30"]
[TimeControl "300+3"]

1. e4 c5 2. Bc4 e6 3. Qf3 Nc6 4. Nh3 Ne5 5. Qc3 Nxc4 6. Qxc4 d5 7. Qd3 d4 8.
O-O Ne7 9. c3 e5 10. cxd4 cxd4 11. f3 Bxh3 12. gxh3 Nc6 13. Qb5 Rb8 14. d3
a6 15. Qc4 Bd6 16. a4 O-O 17. Nd2 Na5 18. Qd5 b6 19. b3 Qf6 20. Bb2 Bc5 21.
Rac1 Rfd8 22. Rxc5 Rxd5 23. Rxd5 Qg6+ 24. Kf2 f6 25. f4 exf4 26. Ke1 Qh6 27.
Bxd4 Qh4+ 28. Ke2 Qxh3 29. Rxf4 Qxh2+ 30. Rf2 Qh4 31. Nf3 Nxb3 32. Be3 Rc8
33. Nxh4 Rc2+ 34. Kd1 Rc8 35. Nf5 a5 36. Rg2 {Black resigns} 1-0

[Event "ICC tourney 2545 (5 3)"]
[Site "Internet Chess Club"]
[Date "2021.04.11"]
[Round "5"]
[White "meghna"]
[Black "Keka34"]
[Result "0-1"]
[ICCResult "White forfeits on time"]
[WhiteElo "1323"]
[BlackElo "1507"]
[Opening "Ruy Lopez: classical (Cordel) defense"]
[ECO "C64"]
[NIC "RL.01"]
[Time "15:46:06"]
[TimeControl "300+3"]

1. e4 e5 2. Nf3 Nc6 3. Bb5 Bc5 4. O-O d6 5. h3 Ne7 6. c3 a6 7. Ba4 b5 8. Bc2
O-O 9. d4 exd4 10. cxd4 Bb6 11. a3 f5 12. Bg5 fxe4 13. Bxe4 d5 14. Bc2 Qd6
15. Nc3 Nf5 16. Ne2 h6 17. Bf4 Qf6 18. Bxf5 Qxf5 19. Bg3 g5 20. Rc1 Bd7 21.
Ne5 Nxe5 22. Bxe5 c6 23. Ng3 Qg6 24. Rc3 Rae8 25. Re1 g4 26. hxg4 Bxg4 27.
Qd2 h5 28. Rec1 h4 29. Rxc6 Re6 30. Rxe6 Qxe6 31. Qg5+ Kf7 32. Qg7+ Ke8 33.
Qb7 hxg3 34. Rc8+ Qxc8 {White forfeits on time} 0-1

[Event "ICC tourney 2545 (5 3)"]
[Site "Internet Chess Club"]
[Date "2021.04.11"]
[Round "5"]
[White "Giallorossi"]
[Black "debarghya1972"]
[Result "0-1"]
[ICCResult "White resigns"]
[WhiteElo "1367"]
[BlackElo "1727"]
[Opening "Queen's pawn game"]
[ECO "E20"]
[NIC "QP.07"]
[Time "15:47:30"]
[TimeControl "300+3"]

1. d4 Nf6 2. c4 e6 3. Nc3 b6 4. e4 d6 5. Bg5 Be7 6. Nf3 h6 7. Bh4 Bb7 8. Bd3
Nbd7 9. O-O e5 10. dxe5 Nxe5 11. Nxe5 dxe5 12. Re1 O-O 13. Bc2 Qc8 14. Qf3
Qe6 15. b3 c6 16. Rad1 Rad8 17. Rxd8 Rxd8 18. Rd1 Rxd1+ 19. Qxd1 a6 20. h3
b5 21. cxb5 axb5 22. a4 b4 23. Nb1 c5 24. Nd2 g5 25. Bg3 Qd6 26. f3 Qd4+ 27.
Bf2 Qc3 28. Nc4 Ba6 29. Qd3 Qa1+ 30. Kh2 Nh5 31. Qd7 Bf6 32. Bxc5 Bxc4 33.
bxc4 Qc1 34. Qe8+ Kg7 35. Qf8+ Kg6 36. Bxb4 Qxc2 37. a5 Nf4 38. Qg8+ Bg7
{White resigns}
0-1

[Event "ICC tourney 2545 (5 3)"]
[Site "Internet Chess Club"]
[Date "2021.04.11"]
[Round "5"]
[White "Goran21"]
[Black "pribi1978"]
[Result "1/2-1/2"]
[ICCResult "Game drawn by mutual agreement"]
[WhiteElo "1882"]
[BlackElo "1668"]
[Opening "English opening"]
[ECO "A20"]
[NIC "EO.25"]
[Time "15:46:50"]
[TimeControl "300+3"]

1. c4 e5 2. b3 Nc6 3. Bb2 f5 4. e3 Nf6 5. a3 a5 6. d3 d6 7. Nf3 Be7 8. Nbd2
O-O 9. Be2 Qe8 10. O-O h6 11. Bc3 Be6 12. d4 exd4 13. exd4 d5 14. Re1 Ne4
15. Bb2 Bf6 16. cxd5 Bxd5 17. Bc4 Bxc4 18. bxc4 Rd8 19. Nxe4 fxe4 20. Qc2
Nxd4 21. Bxd4 Bxd4 22. Rxe4 Qg6 23. Nxd4 Rxd4 24. Rae1 Rxe4 25. Rxe4 Qf5 26.
h3 b6 27. Qe2 Qc5 28. a4 Qc6 29. Re7 Qxa4 30. Rxc7 Qa1+ 31. Kh2 Qf6 32. Rb7
Qxf2 33. Qxf2 Rxf2 34. Rxb6 Rc2 35. Ra6 Rxc4 36. Rxa5 Rc3 37. h4 Kh7 38. h5
Rd3 39. g3 Re3 40. Kh3 Re4 41. g4 Re3+ 42. Kh4 Re1 43. Kg3 Rg1+ 44. Kf3 Rf1+
45. Kg2 Rf4 46. Kg3 Rf1 47. Ra4 Rg1+ 48. Kf4 Rf1+ 49. Ke5 Re1+ 50. Re4 Rxe4+
51. Kxe4 g6 52. Kf4 gxh5 53. gxh5 Kg7 54. Ke5 Kf7 55. Kf5 Kg7 56. Ke6 Kf8
57. Kf6 Kg8 58. Kg6 Kh8 59. Kxh6 Kg8 60. Kg6 Kh8 61. Kg5 Kg7 62. h6+ Kh7 63.
Kh5 Kg8 64. Kg6 Kh8 65. Kg5 Kh7 {Game drawn by mutual agreement} 1/2-1/2

[Event "ICC tourney 2545 (5 3)"]
[Site "Internet Chess Club"]
[Date "2021.04.11"]
[Round "5"]
[White "yitongjianghu"]
[Black "Onandov"]
[Result "0-1"]
[ICCResult "White checkmated"]
[WhiteElo "1342"]
[BlackElo "1641"]
[Opening "QGD Slav: exchange variation, 6.Bf4 Bf5"]
[ECO "D14"]
[NIC "QP.09"]
[Time "15:47:23"]
[TimeControl "300+3"]

1. Nf3 d5 2. d4 Nf6 3. Bf4 c5 4. c3 cxd4 5. cxd4 Nc6 6. Nc3 Bf5 7. h4 e6 8.
e3 Bd6 9. Be5 O-O 10. Bxd6 Qxd6 11. Bd3 Bxd3 12. Qxd3 Rfc8 13. h5 h6 14. Rh3
Na5 15. Ne5 Nc4 16. Nxc4 Rxc4 17. b3 Rc6 18. e4 dxe4 19. Nxe4 Nxe4 20. Qxe4
Rd8 21. Rd1 Qd5 22. Qxd5 Rxd5 23. Rh4 Kf8 24. Ke2 Rc2+ 25. Rd2 Rxd2+ 26.
Kxd2 Ke7 27. Ke3 Ra5 28. a4 Ra6 29. Ke4 Rc6 30. Rf4 f6 31. Kd3 Rc1 32. Rg4
Kf7 33. f3 Rb1 34. Kc3 Rh1 35. d5 exd5 36. Kd4 Rxh5 37. b4 Re5 38. Kc5 g5
39. b5 h5 40. Rd4 Ke6 41. g4 h4 42. a5 h3 43. Rd2 Re3 44. Rf2 Ke5 45. a6
bxa6 46. bxa6 Ra3 47. Kb5 Kf4 48. Kc5 Rxa6 49. Kxd5 Ra3 50. Ke6 Rxf3 51.
Rxf3+ Kxf3 52. Kxf6 Kxg4 53. Ke5 h2 54. Kd4 h1=Q 55. Kc5 Qc1+ 56. Kb5 Kf4
57. Kb4 Qc6 58. Kb3 Qc5 59. Ka4 Qb6 60. Ka3 Ke4 61. Ka2 Kd3 62. Ka3 Kc3 63.
Ka2 Qb2# {White checkmated} 0-1

[Event "ICC tourney 2545 (5 3)"]
[Site "Internet Chess Club"]
[Date "2021.04.11"]
[Round "5"]
[White "Kyle45"]
[Black "Tlaloc"]
[Result "0-1"]
[ICCResult "White checkmated"]
[WhiteElo "1483"]
[BlackElo "2458"]
[Opening "Pirc defense"]
[ECO "B07"]
[NIC "PU.08"]
[Time "15:47:24"]
[TimeControl "300+3"]

1. e4 d6 2. d4 Nf6 3. Nc3 e5 4. dxe5 dxe5 5. Qxd8+ Kxd8 6. Be3 c6 7. O-O-O+
Ke8 8. Nf3 Nbd7 9. Bc4 Bb4 10. Ng5 Rf8 11. f3 h6 12. Nh3 b5 13. Bb3 a5 14.
a3 Bc5 15. Rhe1 Bxe3+ 16. Rxe3 Nc5 17. Nf2 Nxb3+ 18. cxb3 Be6 19. Kc2 Ke7
20. Nd3 Nd7 21. a4 bxa4 22. Nxa4 Rfb8 23. Ndc5 Rb5 24. Nxe6 Kxe6 25. Red3
Nc5 26. Rd6+ Ke7 27. Rxc6 Nxb3 28. Rc7+ Ke6 29. Rdd7 Rf8 30. Nc3 Rbb8 31.
Re7+ Kf6 32. Nd5+ Kg6 33. Rxe5 Nd4+ 34. Kd3 Ne6 35. Ra7 Rxb2 36. Rxa5 Rfb8
37. Ne7+ Kh7 38. Nc6 Rc8 39. Ne7 Rcc2 40. Nf5 Rxg2 41. Ra7 Rgd2+ 42. Ke3
Rdc2 43. Kd3 Nf4+ 44. Ke3 g5 45. Rxf7+ Kg6 46. Rg7+ Kf6 47. Ra5 Rb3+ 48. Kd4
Rd3# {White checkmated} 0-1

[Event "ICC tourney 2545 (5 3)"]
[Site "Internet Chess Club"]
[Date "2021.04.11"]
[Round "5"]
[White "dcole"]
[Black "FL2009"]
[Result "1-0"]
[ICCResult "Black resigns"]
[WhiteElo "1831"]
[BlackElo "1645"]
[Opening "Ruy Lopez: Berlin defense"]
[ECO "C65"]
[NIC "RL.07"]
[Time "15:46:42"]
[TimeControl "300+3"]

1. e4 e5 2. Nf3 Nc6 3. Bb5 Nf6 4. d3 Bc5 5. c3 d6 6. h3 O-O 7. O-O Ne7 8.
Bg5 Ng6 9. d4 Bb6 10. dxe5 Nxe5 11. Nxe5 dxe5 12. Qxd8 Rxd8 13. Nd2 c6 14.
Bc4 h6 15. Bxf6 gxf6 16. Rad1 Be6 17. Bxe6 fxe6 18. Nc4 Kf8 19. a4 Ke7 20.
Rfe1 Bc7 21. Kf1 b5 22. axb5 cxb5 23. Ne3 h5 24. Ke2 Bb6 25. g4 hxg4 26.
hxg4 Rg8 27. f3 Rh8 28. Rh1 Rac8 29. Rh5 Rxh5 30. gxh5 Rh8 31. Rh1 Bxe3 32.
Kxe3 f5 33. f4 Kf6 34. h6 exf4+ 35. Kxf4 e5+ 36. Kf3 f4 37. Rh5 Rh7 38. Kg4
Rh8 39. Rf5+ Ke6 40. Kh5 Rd8 41. h7 Rd1 42. Kg6 Rg1+ 43. Rg5 Rh1 44. Kg7 f3
45. h8=Q Rxh8 46. Kxh8 b4 47. cxb4 f2 48. Rf5 a5 49. bxa5 Kd6 50. Rxf2
{Black resigns}
1-0

[Event "ICC tourney 2545 (5 3)"]
[Site "Internet Chess Club"]
[Date "2021.04.11"]
[Round "5"]
[White "TYH"]
[Black "chessplanet"]
[Result "0-1"]
[ICCResult "White forfeits on time"]
[WhiteElo "1675"]
[BlackElo "1696"]
[Opening "English opening"]
[ECO "A22"]
[NIC "EO.09"]
[Time "15:46:26"]
[TimeControl "300+3"]

1. c4 e5 2. Nc3 Nf6 3. Nf3 Bb4 4. Nd5 Nxd5 5. cxd5 Bd6 6. d3 O-O 7. g3 c6 8.
dxc6 bxc6 9. Bg2 Bc7 10. O-O d5 11. b3 Be6 12. Ba3 Re8 13. Qc2 Bd6 14. Bb2
f6 15. e4 Qd7 16. d4 dxe4 17. Qxe4 Bd5 18. Qc2 e4 19. Nd2 f5 20. Nc4 Na6 21.
a3 Rab8 22. Rac1 Kh8 23. Bh3 g6 24. b4 Nc7 25. Rfd1 Ne6 26. Na5 Rbc8 27. Bf1
Ng5 28. Bg2 Nf3+ 29. Kh1 Kg8 30. Nc4 Bb8 31. Ne3 f4 32. gxf4 Bxf4 33. Qe2
Nxh2 34. Rc5 Nf3 {White forfeits on time} 0-1

[Event "ICC tourney 2545 (5 3)"]
[Site "Internet Chess Club"]
[Date "2021.04.11"]
[Round "5"]
[White "Chanakya"]
[Black "ybabji"]
[Result "1/2-1/2"]
[ICCResult "Game drawn by repetition"]
[WhiteElo "1584"]
[BlackElo "1267"]
[Opening "King's pawn opening"]
[ECO "B07"]
[NIC "VO.17"]
[Time "15:46:50"]
[TimeControl "300+3"]

1. e4 d6 2. d4 e5 3. dxe5 dxe5 4. Qxd8+ Kxd8 5. Nc3 Bb4 6. Bd2 Nf6 7. f3 Nc6
8. O-O-O Ke7 9. Bc4 Be6 10. Nd5+ Bxd5 11. exd5 Bxd2+ 12. Rxd2 Nb4 13. c3 Na6
14. Bxa6 bxa6 15. Ne2 Rhd8 16. Rhd1 Kd6 17. Ng3 g6 18. c4 Rab8 19. Kc2 Re8
20. Ne4+ Nxe4 21. fxe4 Rf8 22. Rd3 f5 23. Ra3 fxe4 24. Rxa6+ Rb6 25. Rxa7
Rf2+ 26. Rd2 Rxb2+ 27. Kxb2 Rxd2+ 28. Kc3 e3 29. Ra6+ Kd7 30. Re6 Rxa2 31.
Rxe5 Rxg2 32. Rxe3 Rxh2 33. c5 Rf2 34. Kd4 Rf4+ 35. Ke5 Rf5+ 36. Kd4 Rf6 37.
Ke5 Rf5+ 38. Kd4 Rf1 39. c6+ Kd8 40. Ke5 g5 41. Rg3 h6 42. Rh3 Re1+ 43. Kf6
Rf1+ 44. Ke5 g4 45. Rxh6 g3 46. Ke6 Re1+ 47. Kf7 Rf1+ 48. Ke6 Re1+ 49. Kf7
Rf1+ 50. Ke6 Re1+ 51. Kf7 Rf1+ 52. Ke6 Re1+ {Game drawn by repetition}
1/2-1/2

[Event "ICC tourney 2545 (5 3)"]
[Site "Internet Chess Club"]
[Date "2021.04.11"]
[Round "5"]
[White "Kimster98"]
[Black "Rickyb"]
[Result "1-0"]
[ICCResult "Black checkmated"]
[WhiteElo "2156"]
[BlackElo "2195"]
[Opening "Réti: King's Indian attack"]
[ECO "A05"]
[NIC "QP.11"]
[Time "15:46:50"]
[TimeControl "300+3"]

1. Nf3 Nf6 2. g3 g6 3. b3 Bg7 4. Bb2 O-O 5. Bg2 d6 6. d4 a5 7. c4 Nbd7 8. d5
Nc5 9. O-O Bd7 10. Bd4 Qc8 11. Nc3 Bh3 12. Qd2 Bxg2 13. Kxg2 c6 14. Rac1 Re8
15. Qc2 e5 16. Bxc5 dxc5 17. e4 h5 18. Rcd1 Nh7 19. Na4 Qc7 20. d6 Qd8 21.
Nxc5 Rb8 22. Na4 b5 23. Nc3 bxc4 24. bxc4 c5 25. Nb5 Nf8 26. Rd5 f6 27. Rxc5
Ne6 28. Rd5 Qd7 29. a4 Rec8 30. c5 Nf4+ 31. Kh1 Nxd5 32. exd5 Qg4 33. Kg2 e4
34. Nfd4 f5 35. h3 Qg5 36. Ne6 Qf6 37. d7 Rd8 38. c6 Qe5 39. c7 Rxd7 40.
c8=Q+ Rxc8 41. Qxc8+ Kh7 42. Qxd7 f4 43. gxf4 Qf5 44. Qxg7# {Black
checkmated} 1-0

[Event "ICC tourney 2545 (5 3)"]
[Site "Internet Chess Club"]
[Date "2021.04.11"]
[Round "5"]
[White "racerbil"]
[Black "ethansun188"]
[Result "0-1"]
[ICCResult "White checkmated"]
[WhiteElo "1417"]
[BlackElo "1176"]
[Opening "Sicilian"]
[ECO "B50"]
[NIC "SI.01"]
[Time "15:45:59"]
[TimeControl "300+3"]

1. e4 c5 2. Nf3 d6 3. Nc3 Nf6 4. Bc4 Nc6 5. Ng5 e6 6. O-O h6 7. Nf3 Be7 8.
d4 cxd4 9. Nxd4 O-O 10. Be3 a6 11. a4 Qc7 12. b3 Bd7 13. Rc1 Nxd4 14. Bxd4
Bc6 15. Re1 Rab8 16. e5 Nd5 17. exd6 Bxd6 18. Ne4 Bxh2+ 19. Kf1 Bf4 20. Rb1
b5 21. Qg4 e5 22. Bxd5 Bxd5 23. Bb2 Bxe4 24. Rxe4 Qxc2 25. Ree1 Qd3+ 26. Kg1
Rfe8 27. Ba1 bxa4 28. Red1 Qc2 29. g3 Bg5 30. Qc4 axb3 31. Qa4 Red8 32.
Rxd8+ Rxd8 33. Qxb3 Qxb3 34. Rxb3 Rd1+ 35. Kg2 Rxa1 36. Rb8+ Kh7 37. Rb7 f6
38. Kf3 f5 39. Ke2 f4 40. gxf4 exf4 41. Rb2 a5 42. Kd3 a4 43. Kc4 a3 44. Rc2
a2 45. Kb3 h5 46. Rxa2 Rxa2 47. Kxa2 h4 48. Kb2 h3 49. Kc2 h2 50. Kd3 h1=Q
51. Kd4 Qf3 52. Ke5 Qxf2 53. Kf5 f3 54. Kxg5 Qg3+ 55. Kf5 f2 56. Ke4 f1=R
57. Kd5 Rd1+ 58. Kc4 Qd3+ 59. Kc5 Rc1+ 60. Kb4 Qc3+ 61. Ka4 Qc4+ 62. Ka5
Ra1+ 63. Kb6 Ra6+ 64. Kb7 Qc6+ 65. Kb8 Ra8# {White checkmated} 0-1

[Event "ICC tourney 2545 (5 3)"]
[Site "Internet Chess Club"]
[Date "2021.04.11"]
[Round "5"]
[White "ChucklesChess"]
[Black "MohanadWael"]
[Result "1-0"]
[ICCResult "Black forfeits on time"]
[WhiteElo "1256"]
[BlackElo "1272"]
[Opening "Sicilian"]
[ECO "B50"]
[NIC "SI.01"]
[Time "15:47:20"]
[TimeControl "300+3"]

1. e4 c5 2. Nf3 d6 3. Bc4 Nc6 4. O-O Nf6 5. d3 h6 6. Be3 g6 7. c3 Ne5 8.
Nxe5 dxe5 9. Bxc5 Bg4 10. f3 Bh5 11. Bb5+ Nd7 12. d4 Bg7 13. dxe5 Rc8 14.
Bxa7 Bxe5 15. Bb6 Qxb6+ 16. Kh1 Rc7 17. Bxd7+ Rxd7 18. Qc2 Qb5 19. Na3 Qa6
20. f4 Be2 21. Rf2 Bc4 22. fxe5 Bd3 23. Qb3 Bxe4 24. Qxf7+ Kd8 25. Re1 Bd5
26. Qg7 Rg8 27. Rf8+ Rxf8 28. Qxf8+ Kc7 29. Qxh6 Qc6 30. Qg5 e6 31. c4 Bxg2+
32. Qxg2 Qxg2+ 33. Kxg2 Rd2+ 34. Kg3 Rxb2 35. Nb5+ Kb6 36. Nc3 Rb4 37. Re4
Rb2 38. Rd4 Rc2 39. Rd6+ Kc7 40. Nb5+ {Black forfeits on time} 1-0

[Event "ICC tourney 2545 (5 3)"]
[Site "Internet Chess Club"]
[Date "2021.04.11"]
[Round "5"]
[White "willzen89"]
[Black "pokerram"]
[Result "1-0"]
[ICCResult "Black forfeits on time"]
[WhiteElo "1841"]
[BlackElo "1200"]
[Opening "King's Indian, 3.Nf3"]
[ECO "E61"]
[NIC "KI.80"]
[Time "15:45:56"]
[TimeControl "300+3"]

1. d4 Nf6 2. c4 g6 3. Nf3 Bg7 4. Nc3 O-O 5. Bg5 h6 6. Bh4 c5 7. e3 d6 8. Be2
Qa5 9. O-O Nbd7 10. h3 a6 11. Qd2 Rb8 12. a4 g5 13. Bg3 Nh5 14. Bh2 f5 15.
Qc2 Ndf6 16. dxc5 Qxc5 17. Rab1 Be6 18. b4 Qc7 19. c5 Rbc8 20. Rfc1 f4 21.
exf4 Nxf4 22. Bxf4 gxf4 23. cxd6 Qxd6 24. Qg6 Bf7 25. Qf5 e6 26. Qd3 Rfd8
27. Ne4 Rxc1+ 28. Rxc1 Qxd3 29. Bxd3 Rxd3 30. Nc5 Ra3 31. a5 Nd5 32. Nxb7
Ra1 33. Rxa1 Bxa1 34. b5 axb5 35. a6 Nb6 36. Nd6 b4 37. Nd2 Bg6 38. a7 Bd4
39. Nb3 Be5 40. Nc4 Na8 41. Nxe5 Bc2 42. Nc5 b3 43. Nc4 Bd1 44. Nxe6 f3 45.
gxf3 Bxf3 46. Nd4 Bd1 47. Kf1 Bh5 48. Nxb3 Bf7 49. Nbd2 Kf8 50. Ne5 Bd5 51.
Ng4 Kg7 52. Ke2 Bb7 53. Ke3 Nc7 54. Nb3 Nb5 55. Nc5 Ba8 56. Ne5 Nxa7 57. Kf4
Nb5 58. Ne6+ Kf6 59. Nc5 Nc3 60. Ng4+ Kg7 61. h4 Ne2+ 62. Ke3
{Black forfeits on time}
1-0

[Event "ICC tourney 2545 (5 3)"]
[Site "Internet Chess Club"]
[Date "2021.04.11"]
[Round "5"]
[White "Visam"]
[Black "HobbyChess"]
[Result "1-0"]
[ICCResult "Black resigns"]
[WhiteElo "2589"]
[BlackElo "2101"]
[Opening "Old Indian: Tartakower (Wade) variation"]
[ECO "A41"]
[NIC "QO.17"]
[Time "15:47:26"]
[TimeControl "300+3"]

1. d4 d6 2. Nf3 Bg4 3. e4 Nf6 4. Nc3 e6 5. h3 Bh5 6. Bd3 c6 7. Bf4 d5 8. e5
Nfd7 9. g4 Bg6 10. Bxg6 hxg6 11. Ne2 c5 12. c3 Nc6 13. Kf1 Qb6 14. a4 cxd4
15. cxd4 a5 16. Kg2 Be7 17. Nc3 Nb4 18. Nb5 Rc8 19. Rc1 Rc6 20. h4 Nb8 21.
Bg5 f6 22. exf6 gxf6 23. Bf4 Nd7 24. Qe2 Kf7 25. Rhe1 Rhc8 26. Rc3 Nf8 27.
g5 Qd8 28. gxf6 Bxf6 29. Bg5 Nd7 30. Na7 Rxc3 31. bxc3 Rxc3 32. Qxe6+ Kg7
33. Nb5 Rc6 34. Nd6 {Black resigns} 1-0

[Event "ICC tourney 2545 (5 3)"]
[Site "Internet Chess Club"]
[Date "2021.04.11"]
[Round "5"]
[White "JamesS"]
[Black "Basahi1738"]
[Result "1-0"]
[ICCResult "Black forfeits on time"]
[WhiteElo "1343"]
[BlackElo "1248"]
[Opening "Giuoco Piano: four knights variation"]
[ECO "C47"]
[NIC "RG.01"]
[Time "15:48:10"]
[TimeControl "300+3"]

1. e4 e5 2. Nf3 Nf6 3. Nc3 Nc6 4. Bc4 Bc5 5. Ng5 O-O 6. O-O d6 7. d3 Bg4 8.
Ne2 Na5 9. Bb3 Nxb3 10. axb3 a5 11. h3 Be6 12. c3 Qd7 13. Nxe6 fxe6 14. Kh1
Nh5 15. g4 Nf4 16. Bxf4 exf4 17. d4 f3 18. Ng3 Bb6 19. b4 a4 20. Ra3 Qe7 21.
Rxa4 Rxa4 22. Qxa4 Qh4 23. Kh2 Rf4 24. Qe8+ Rf8 25. Qxe6+ Rf7 26. Nf5 Qh6
27. Nxh6+ gxh6 28. Qc8+ Kg7 29. Qxb7 c5 30. Qxb6 cxd4 31. Qxd4+ Rf6 32. e5
Re6 33. exd6+ Kf7 34. d7 {Black forfeits on time} 1-0

[Event "ICC tourney 2545 (5 3)"]
[Site "Internet Chess Club"]
[Date "2021.04.11"]
[Round "5"]
[White "luckylol3"]
[Black "siddhu"]
[Result "1-0"]
[ICCResult "Black resigns"]
[WhiteElo "1546"]
[BlackElo "1769"]
[Opening "Sicilian: Smith-Morra gambit"]
[ECO "B21"]
[NIC "SI.48"]
[Time "15:47:47"]
[TimeControl "300+3"]

1. e4 c5 2. d4 cxd4 3. c3 dxc3 4. Nxc3 Nc6 5. Nf3 g6 6. Bc4 Bg7 7. O-O e6 8.
Bf4 Nge7 9. Qd2 O-O 10. Rad1 Na5 11. Bd3 d5 12. Bh6 dxe4 13. Nxe4 Nf5 14.
Bxg7 Nxg7 15. Qf4 Qe7 16. Nf6+ Kh8 17. Ng5 Nf5 18. Bxf5 gxf5 19. Qe5 Nc6 20.
Qc3 e5 21. Ngxh7 Rg8 22. Qh3 Rg6 23. Nd5 Qe6 24. Nhf6+ Kg7 25. Qh7+ Kf8 26.
Qh8+ {Black resigns} 1-0

[Event "ICC tourney 2545 (5 3)"]
[Site "Internet Chess Club"]
[Date "2021.04.11"]
[Round "5"]
[White "bumper10"]
[Black "Sandeshbajaj"]
[Result "1-0"]
[ICCResult "Black forfeits on time"]
[WhiteElo "2173"]
[BlackElo "1940"]
[Opening "French: advance, Wade variation"]
[ECO "C02"]
[NIC "FR.03"]
[Time "15:46:50"]
[TimeControl "300+3"]

1. e4 e6 2. d4 d5 3. e5 c5 4. c3 Qb6 5. Nf3 Bd7 6. a4 Nc6 7. Bb5 Nge7 8. O-O
Nf5 9. dxc5 Bxc5 10. b4 Be7 11. Bd3 O-O 12. Re1 Rad8 13. Bf4 Qc7 14. Qd2 Bc8
15. Na3 a6 16. Nc2 a5 17. b5 Nb8 18. Bxf5 exf5 19. e6 Qc5 20. exf7+ Rxf7 21.
Bxb8 b6 22. Ne5 Rf6 23. Nc6 Re8 24. Qd4 Be6 25. Qxc5 Bxc5 26. Be5 Rg6 27.
N2d4 Bd7 28. Bf4 Re4 29. Rxe4 fxe4 30. Ne5 Rd6 31. Nxd7 Rxd7 32. Be3 Rc7 33.
Nc6 Bxe3 34. fxe3 Kf7 35. Rd1 Ke6 36. Rd4 g5 37. h3 h5 38. c4 dxc4 39. Rxc4
{Black forfeits on time}
1-0

[Event "ICC tourney 2545 (5 3)"]
[Site "Internet Chess Club"]
[Date "2021.04.11"]
[Round "5"]
[White "checkninja"]
[Black "ulff"]
[Result "1/2-1/2"]
[ICCResult "Game drawn by repetition"]
[WhiteElo "1717"]
[BlackElo "1826"]
[Opening "Sicilian, Chekhover variation"]
[ECO "B53"]
[NIC "SI.02"]
[Time "15:46:25"]
[TimeControl "300+3"]

1. e4 c5 2. Nf3 d6 3. d4 cxd4 4. Qxd4 Nc6 5. Bb5 Bd7 6. Qd3 Nf6 7. c4 a6 8.
Bxc6 Bxc6 9. Nc3 e6 10. O-O Be7 11. a3 O-O 12. b4 Qc7 13. Bb2 Rac8 14. Rac1
b6 15. Rfe1 Qb7 16. Nd4 Bd7 17. f3 Rfd8 18. g4 d5 19. cxd5 exd5 20. e5 Ne8
21. h3 Bg5 22. Rcd1 Nc7 23. Kg2 Ne6 24. Nce2 Ba4 25. Rb1 Rc4 26. Rf1 Nf4+
27. Nxf4 Bxf4 28. Qf5 Be3 29. Qd3 Bxd4 30. Bxd4 Bc2 31. Qe3 Bxb1 32. Rxb1 b5
33. f4 Rdc8 34. f5 Rc2+ 35. Kg3 Qe7 36. Rf1 Qc7 37. f6 Rc1 38. Qg5 Rc3+ 39.
Bxc3 Qxc3+ 40. Rf3 Qe1+ 41. Kf4 Qd2+ 42. Kf5 Qxg5+ 43. Kxg5 Rc4 44. fxg7
Kxg7 45. Rf6 d4 46. Rxa6 d3 47. Rd6 Rc3 48. Kf4 Rxa3 49. Ke3 Rb3 50. Rxd3
Rxb4 51. Rd5 Rb3+ 52. Kf4 Rxh3 53. Rxb5 Rh1 54. Rb7 Kg6 55. Rb6+ Kg7 56. Rb7
Kg6 57. Rb6+ Kg7 58. Rb7 Kg6 59. Rb6+ Kg7 60. Rb7 Kg6 {Game drawn by
repetition} 1/2-1/2